 Dungeon Crawl Stone Soup version 0.20-a0-949-g916514f (webtiles) character file.

129 M4edhros the Insei (level 5, -7/31 HPs)
             Began as an Octopode Necromancer on Apr 4, 2017.
             Mangled by a gnoll
             ... wielding a +0 halberd
              (12 damage)
             ... on level 4 of the Dungeon.
             The game lasted 00:05:05 (989 turns).

M4edhros the Insei (Octopode Necromancer)            Turns: 989, Time: 00:05:05

Health: -7/31      AC:  1    Str:  7    XL:     5   Next: 12%
Magic:  0/8        EV: 13    Int: 17    God:
Gold:   124        SH:  0    Dex: 14    Spells: 3/8 levels left

rFire    . . .     SeeInvis .     - Unarmed
rCold    . . .     Gourm    .   (no shield)
rNeg     . . .     Faith    .   (helmet restricted)
rPois    .         Spirit   +   s - amulet of guardian spirit
rElec    .         Reflect  .   j - ring of wizardry
rCorr    .         Harm     .   (no ring)
MR       .....                  (no ring)
Stlth    +++.......             (no ring)
Regen    0.1/turn               (no ring)
MPRegen  0.2/turn               (no ring)
                                (no ring)
                                (no ring)

@: drained
A: almost no armour, stealthy swim, amphibious, 8 rings, constrict 8, camouflage
1, gelatinous body 1
a: no special abilities


You were on level 4 of the Dungeon.
You were not hungry.

You visited 1 branch of the dungeon, and saw 4 of its levels.

You collected 124 gold pieces.

Inventory:

Hand Weapons
 o - a +0 hunting sling
Missiles
 n - 17 sling bullets
Armour
 e - a +0 large shield
Jewellery
 j - a ring of wizardry (left tentacle)
 p - an uncursed amulet of harm
 s - an amulet of guardian spirit (around mantle)
Scrolls
 f - a scroll of teleportation {unknown}
 i - 2 scrolls of remove curse {unknown}
 k - 2 scrolls of fog {unknown}
 m - a scroll of blinking {unknown}
 r - a scroll of identify {unknown}
Potions
 h - a potion of berserk rage {unknown}
 l - a potion of heal wounds {unknown}
 u - a potion of flight
 v - a potion of brilliance {unknown}
Books
 a - a book of Necromancy

   Spells                             Type                      Level
   a - Pain                           Necromancy                   1
   b - Animate Skeleton               Necromancy                   1
   c - Vampiric Draining              Necromancy                   3
   d - Regeneration                   Charms/Necromancy            3
   e - Animate Dead                   Necromancy                   4
   f - Control Undead                 Necromancy                   4
Comestibles
 b - a bread ration
 d - 4 chunks of flesh
 q - a royal jelly


   Skills:
 - Level 2.0(1.0) Dodging
 - Level 2.6(1.7) Stealth
 + Level 4.6(3.5) Unarmed Combat
 - Level 2.0(1.0) Spellcasting
 - Level 4.0(2.9) Necromancy


You had 3 spell levels left.
You knew the following spells:

 Your Spells              Type           Power        Failure   Level  Hunger
a - Pain                  Necr           ##..         4%          1    ##.....
b - Animate Skeleton      Necr           N/A          4%          1    ##.....
c - Regeneration          Chrm/Necr      #.........   16%         3    ####...


Dungeon Overview and Level Annotations

Branches:
Dungeon (4/15)
 Temple: D:4-7

Altars:


Innate Abilities, Weirdness & Mutations

You cannot wear most types of armour.
You are very stealthy in the water. (Stealth+)
You are amphibious.
You can wear up to eight rings at the same time.
You can use your tentacles to constrict eight enemies at once.
Your skin changes colour to match your surroundings (Stealth+).
Your rubbery body absorbs attacks. (AC +1, EV +1)


Message History

Your squeeze misses the gnoll.
The gnoll is moderately wounded.
The adder skeleton barely misses you. The gnoll barely misses you.
Unknown command.
You tentacle-slap the gnoll. You grab the gnoll.
The gnoll is heavily wounded.
You constrict the gnoll, but do no damage.
The adder skeleton misses you.
The gnoll hits you from afar with a halberd!!
* * * LOW HITPOINT WARNING * * *
Unknown command.
It was a potion of cancellation.
Your magical effects are unravelling.
You feel magically purged.
You float gracefully downwards.
You feel a little less agile now.
You constrict the gnoll. The gnoll barely misses you.
The adder skeleton bites you.
* * * LOW HITPOINT WARNING * * *
The gnoll hits you from afar with a halberd!
You die...

### ..# #.# #.# #g# #.#.
#g# #... ### #g# #...
..# #@# ...# #.# #Z#
#..########.# #.##
#...........####..###..
#...# #...............
#...#####.#.#####.#####.
............# ...
#...#####.#.# .###
#.........#.# .#


You could see 3 gnolls and an adder skeleton.

Vanquished Creatures
  A gnoll shaman (D:4)
  A gnoll (D:4)
  3 adders
  A leopard gecko (D:1)
  2 bats (D:2)
  A giant cockroach (D:2)
  5 goblins
  7 hobgoblins
  3 kobolds
  A quokka (D:2)
  A frilled lizard (D:1)
  17 rats
43 creatures vanquished.

Vanquished Creatures (collateral kills)
  A worker ant (D:4)
  3 goblins (D:1)
  A quokka (D:2)
  A frilled lizard (D:2)
  A rat (D:1)
7 creatures vanquished.

Grand Total: 50 creatures vanquished

Notes
Turn   | Place    | Note
-------+----------+-------------------------------------------
     0 | D:1      | M4edhros the Octopode Necromancer began the quest for the Orb.
     0 | D:1      | Reached XP level 1. HP: 11/11 MP: 3/3
    55 | D:1      | Learned a level 1 spell: Animate Skeleton
    87 | D:1      | Reached skill level 1 in Unarmed Combat
   119 | D:1      | Reached XP level 2. HP: 8/17 MP: 5/5
   446 | D:1      | Reached XP level 3. HP: 4/21 MP: 6/6
   451 | D:1      | Learned a level 3 spell: Regeneration
   887 | D:4      | Reached XP level 4. HP: 15/27 MP: 2/7
   973 | D:4      | Reached XP level 5. HP: 16/31 MP: 2/8
   989 | D:4      | Mangled by a gnoll

Vault maps used:
D:1:      scummos_arrival_forest, serial_park_tiny_pond, minivault_25,
          kennysheep_pointless_box, minmay_rat_gold_closets
D:2:      uniq_natasha
D:3:      grunt_temple_overflow_open, serial_glass, glass_columns_a,
          glass_columns_a, glass_columns_c, glass_columns_a, dk_vineyard_1

Skill      XL: |  1  2  3  4 |
---------------+-------------+-----
Unarmed Combat | 1 2 3 4 |  4.6
Dodging        | |  2.0
Stealth        | |  2.6
Spellcasting   | |  2.0
Necromancy     | |  4.0

Action                   |  1- 3 |  4- 6 || total
-------------------------+-------+-------++-------
Melee: Unarmed           |    72 |    29 ||   101
       Constrict         |    26 |     5 ||    31
       Tentacles         |     9 |     8 ||    17
       Punch             |       |     1 ||     1
 Cast: Animate Skeleton  |    11 |     1 ||    12
       Pain              |     9 |       ||     9
       Regeneration      |     7 |     3 ||    10
  Use: Potion            |       |     4 ||     4
 Stab: Sleeping          |    15 |       ||    15
  Eat: Chunk             |     1 |     1 ||     2
Armor: Skin              |     3 |     1 ||     4
Dodge: Dodged            |    28 |    42 ||    70
